 Dungeon Crawl Stone Soup version 0.23.2-1-ga50397a (webtiles) character file.

Game seed: 633768467063994078

13517 Evetheril the Spear-Bearer (level 11, -5/97 HPs)
             Began as a Red Draconian Berserker on Apr 27, 2019.
             Was a High Priest of Trog.
             Slain by a rakshasa
             ... wielding a +0 long sword
              (21 damage)
             ... on level 2 of the Abyss.
             The game lasted 01:28:20 (12500 turns).

Evetheril the Spear-Bearer (DrBe)                  Turns: 12500, Time: 01:28:20

Health: -5/97      AC: 13    Str: 22    XL:     11   Next: 76%
Magic:  20/20      EV: 15    Int:  9    God:    Trog [*****.]
Gold:   438        SH:  6    Dex: 10    Spells: 10/10 levels left

rFire    + . .     SeeInvis +   e - +3 spear (venom)
rCold    . . .     Gourm    .   x - +3 warlock's mirror {reflect}
rNeg     . . .     Faith    +   (armour unavailable)
rPois    .         Spirit   .   (helmet restricted)
rElec    .         Reflect  +   j - scarf {repulsion}
rCorr    .         Harm     .   r - +1 pair of gloves
MR       .....                  k - +0 pair of boots
Stlth    +++++.....             y - amulet "Xugax" {Faith MP+9 SInv Stlth+}
HPRegen  0.26/turn              a - ring of stealth
MPRegen  0.17/turn              t - +3 ring of protection

@: repel missiles
A: breathe fire, unfitting armour, fire resistance 1, cold-blooded, AC +7
a: Breathe Fire, Berserk, Trog's Hand, Brothers in Arms, Renounce Religion


You were on level 2 of the Abyss.
You worshipped Trog.
Trog was extremely pleased with you.
You were not hungry.

You visited 1 branch of the dungeon, and saw 10 of its levels.
You visited the Abyss 1 time.
You also visited: Ossuary.

You collected 583 gold pieces.
You spent 145 gold pieces at shops.

Inventory:

Hand Weapons
 e - a +3 spear of venom (weapon)
Missiles
 d - 301 stones (quivered)
 o - 16 tomahawks
Armour
 j - a scarf of repulsion (worn)
 k - a +0 pair of boots (worn)
 r - a +1 pair of gloves (worn)
 x - the +3 warlock's mirror (worn) {reflect}
   (You found it on level 10 of the Dungeon)
Jewellery
 a - a ring of stealth (left hand)
 t - a +3 ring of protection (right hand)
 y - the amulet "Xugax" (around neck) {Faith MP+9 SInv Stlth+}
   (You found it on level 7 of the Dungeon)

   [amulet of faith]

   It allows you to gain divine favour quickly.
   It affects your magic capacity (+9).
   It lets you see invisible.
   It makes you more stealthy.
Wands
 g - a wand of iceblast (9)
 p - a wand of flame (23)
 v - a wand of paralysis (10)
Scrolls
 h - 2 scrolls of fear
 i - 3 scrolls of teleportation
 n - 2 scrolls of blinking
 u - 2 scrolls of remove curse
 w - a scroll of summoning
Potions
 c - 3 potions of mutation
 f - 3 potions of heal wounds
 l - 2 potions of curing
 q - 2 potions of might
 s - a potion of ambrosia
Comestibles
 b - 10 rations


   Skills:
 + Level 9.2 Fighting
 + Level 11.5 Polearms
 + Level 6.0 Throwing
 + Level 8.3 Dodging
 + Level 7.8 Stealth
 + Level 0.7 Evocations


You had 10 spell levels left.
You didn't know any spells.
Your spell library was empty.

Dungeon Overview and Level Annotations

Branches:
Dungeon (10/15)            Temple (0/1) D:6            Lair (0/6) D:8
    Orc: D:9-12

Altars:
Ashenzari
Elyvilon
Fedhas
Hepliaklqana
Qazlal
Uskayaw
Vehumet
Yredelemnul

Shops:
D:4 %   D:6 ?((([

Annotations:
D:7 3 runed translucent doors


Innate Abilities, Weirdness & Mutations

You can breathe blasts of fire.
Your fiery red scales are hard. (AC +7)
You cannot fit into any form of body armour.
Your flesh is heat resistant. (rF+)
You are cold-blooded and may be slowed by cold attacks.


Message History

The large abomination is lightly damaged.
You hit the large abomination.
The large abomination is moderately damaged.
The rakshasa splashes around in the water.
The large abomination hits you but does no damage.
You hit the large abomination but do no damage.
The large abomination is moderately damaged.
You hit the large abomination but do no damage.
The large abomination is moderately damaged.
You block the large abomination's attack.
The rakshasa hits you with a +0 long sword.
* * * LOW HITPOINT WARNING * * *
You hit the large abomination but do no damage.
Your tail-slap misses the large abomination.
The large abomination is moderately damaged.
You puncture the large abomination!
The large abomination is moderately damaged.
The large abomination hits you but does no damage.
The rakshasa hits you with a +0 long sword!!
You die...

. . # #. #≈
### #..##@#
#XRX## #
##X#X# # .
# ...## #
## #
#......
#... #
..##..
###..# ..
....
#......##.R
##. #..
....#.# . #
.. .#...#


You could see a rakshasa and 4 large abominations.

Vanquished Creatures
  Harold (D:9)
  Erolcha (D:9)
  A two-headed ogre (D:8)
  An unseen horror (D:7)
  6 wizards (D:10)
  Pikel (D:3)
  A troll (D:9)
  3 hippogriffs
  A shadow (D:8)
  A wraith (D:10)
  A wyvern (D:10)
  3 yaks (D:9)
  Edmund (D:4)
  A soldier ant (D:10)
  Duvessa (D:6)
  2 sky beasts
  A slave (D:3)
  3 orc warriors (D:8)
  A black bear (D:6)
  6 ice beasts
  4 ogres
  3 phantoms
  2 centaurs (D:7)
  6 bullfrogs
  Dowan (D:6)
  3 scorpions
  9 killer bees
  5 wights (D:9)
  7 howler monkeys
  3 crimson imps
  3 bullfrog zombies
  A centaur zombie (D:7)
  2 quasits
  5 hounds
  2 jellies
  3 orc priests
  Jessica (D:3)
  2 iguanas
  6 orc wizards
  11 worker ants
  A hound zombie (D:7)
  2 hound skeletons (D:5)
  13 mummies (Ossuary)
  6 gnolls (D:2)
  10 adders
  A shadow imp (D:9)
  2 oozes (D:2)
  An adder zombie (D:8)
  A worm (D:2)
  2 dart slugs
  4 leopard geckos
  26 orcs
  4 giant cockroaches
  10 goblins
  5 hobgoblins
  11 jackals
  4 quokkas
  A ball python (D:1)
  A ball python skeleton (D:5)
  7 bats
  6 frilled lizards
  A giant cockroach zombie (D:5)
  2 gnoll skeletons (Ossuary)
  2 goblin skeletons (Ossuary)
  A jackal zombie (D:6)
  6 kobolds
  2 leopard gecko skeletons
  3 orc skeletons (Ossuary)
  A quokka skeleton (D:5)
  4 rats
  11 rat skeletons (Ossuary)
267 creatures vanquished.

Vanquished Creatures (collateral kills)
  A hydra (D:7)
  A manticore (D:7)
2 creatures vanquished.

Vanquished Creatures (others)
  A slave (D:4)
  A hound (D:4)
  A quokka (D:4)
  A gnoll skeleton (Ossuary)
4 creatures vanquished.

Grand Total: 273 creatures vanquished

Notes
Turn   | Place    | Note
-------+----------+-------------------------------------------
     0 | D:1      | Evetheril the Draconian Berserker began the quest for the
                  | Orb.
     0 | D:1      | Reached XP level 1. HP: 19/19 MP: 1/1
   163 | D:1      | Reached XP level 2. HP: 26/26 MP: 2/2
   794 | D:2      | Reached XP level 3. HP: 27/33 MP: 3/3
  1176 | D:2      | Reached XP level 4. HP: 18/40 MP: 4/4
  1252 | D:2      | Reached ** piety under Trog
  1398 | D:2      | Reached skill level 4 in Polearms
  1406 | D:2      | Reached skill level 1 in Stealth
  1410 | D:2      | HP: 2/40 [gnoll/+0 whip (4)]
  1869 | D:2      | Reached XP level 5. HP: 30/46 MP: 5/5
  2464 | D:3      | Noticed Jessica
  2472 | D:3      | Killed Jessica
  2472 | D:3      | Reached skill level 1 in Throwing
  2629 | D:3      | Found a basalt altar of Yredelemnul.
  2629 | D:3      | Found a shattered altar of Ashenzari.
  2691 | D:3      | Found a hide-covered altar of Uskayaw.
  2842 | D:3      | Reached XP level 6. HP: 38/53 MP: 6/6
  3528 | D:4      | Found a white marble altar of Elyvilon.
  3528 | D:4      | Found a blossoming altar of Fedhas.
  3528 | D:4      | Found a stormy altar of Qazlal.
  3528 | D:4      | Noticed Pikel
  3528 | D:4      | Noticed a slave
  3528 | D:4      | Noticed a slave
  3528 | D:4      | Noticed a slave
  3529 | D:4      | Noticed a slave
  3543 | D:3      | Killed a slave
  3545 | D:3      | Killed Pikel
  3545 | D:3      | Reached skill level 5 in Polearms
  3545 | D:3      | Your scales start taking on a fiery red colour.
  3545 | D:3      | Reached XP level 7. HP: 7/60 MP: 7/7
  3545 | D:3      | Gained mutation: Your flesh is heat resistant. (rF+) [Red
                  | Draconian growth]
  3815 | D:3      | Reached skill level 6 in Polearms
  4113 | D:4      | Found Estrighawk's Food Boutique.
  4121 | D:4      | Bought a ration for 50 gold pieces
  4121 | D:4      | Bought a ration for 50 gold pieces
  4172 | D:4      | Noticed Edmund
  4178 | D:4      | Reached *** piety under Trog
  4185 | D:4      | Killed Edmund
  4185 | D:4      | Reached XP level 8. HP: 45/67 MP: 8/8
  4382 | D:4      | Reached skill level 5 in Fighting
  4442 | D:4      | Found a radiant altar of Vehumet.
  4806 | D:5      | Entered Level 5 of the Dungeon
  4922 | D:5      | Reached skill level 7 in Polearms
  5313 | D:6      | Found Ekkixet's Antique Weapon Shop.
  5375 | D:6      | Found Seocaukh's Armour Shop.
  5452 | D:6      | Found Rasececs's Antique Weapon Emporium.
  5463 | D:6      | Noticed a hippogriff
  5484 | D:6      | Killed a hippogriff
  5748 | D:6      | Found Fyiv's Antique Weapon Shop.
  5808 | D:6      | Found Uteiff's Magic Scroll Emporium.
  5865 | D:6      | Bought a scroll of remove curse for 45 gold pieces
  6202 | D:6      | Noticed Duvessa
  6202 | D:6      | Noticed Dowan
  6212 | D:6      | Killed Duvessa
  6212 | D:6      | Reached skill level 8 in Polearms
  6212 | D:6      | Reached skill level 5 in Dodging
  6212 | D:6      | Reached XP level 9. HP: 66/75 MP: 9/9
  6221 | D:6      | Killed Dowan
  6221 | D:6      | Reached **** piety under Trog
  6221 | D:6      | Reached skill level 5 in Throwing
  6344 | D:6      | Found a staircase to the Ecumenical Temple.
  6418 | D:7      | Found a sand-covered staircase.
  6434 | Ossuary  | Entered an ossuary
  7140 | D:7      | Got a translucent graven amulet
  7219 | D:7      | Found a runed translucent door.
  7219 | D:7      | Found a runed translucent door.
  7219 | D:7      | Noticed a deep elf mage
  7220 | D:7      | Found a runed translucent door.
  7413 | D:7      | Found a stormy altar of Qazlal.
  7423 | D:7      | Identified the amulet "Xugax" {Faith MP+9 SInv Stlth+} (You
                  | found it on level 7 of the Dungeon)
  7616 | D:7      | Reached skill level 9 in Polearms
  7676 | D:7      | Reached skill level 5 in Stealth
  7702 | D:7      | Noticed a seven-headed hydra
  7702 | D:7      | Noticed a manticore
  7703 | D:7      | Found the +5 robe of Misfortune {*Contam Harm *Corrode
                  | *Drain *Slow EV+5}
  7740 | D:7      | Killed a seven-headed hydra
  7742 | D:7      | Reached XP level 10. HP: 35/86 MP: 10/10
  7745 | D:7      | Killed a manticore
  8171 | D:7      | Noticed an unseen horror
  8226 | D:7      | Killed an unseen horror
  8742 | D:8      | Reached ***** piety under Trog
  8896 | D:8      | Found a staircase to the Lair.
  9029 | D:8      | Reached skill level 10 in Polearms
  9061 | D:8      | Noticed a two-headed ogre
  9075 | D:8      | Killed a two-headed ogre
  9839 | D:9      | Noticed Harold
  9863 | D:9      | Killed Harold
  9863 | D:9      | Reached XP level 11. HP: 70/95 MP: 11/11
  9868 | D:9      | Got a crude rapier
  9869 | D:9      | Identified the cursed +0 rapier of the Scavenger {pain,
                  | +Inv rF+} (You found it on level 9 of the Dungeon)
 10030 | D:9      | Noticed Erolcha
 10041 | D:9      | Killed Erolcha
 10940 | D:9      | Found a hazy altar of Hepliaklqana.
 11054 | D:10     | Entered Level 10 of the Dungeon
 11170 | D:10     | Reached skill level 11 in Polearms
 11456 | D:10     | Noticed a wizard
 11469 | D:10     | Killed a wizard
 11545 | D:10     | Noticed a wizard
 11548 | D:10     | Noticed a wizard
 11556 | D:10     | Noticed a wizard
 11567 | D:10     | Killed a wizard
 11584 | D:10     | Killed a wizard
 11655 | D:10     | Found the +3 warlock's mirror {reflect}
 11706 | D:10     | Killed a wizard
 11706 | D:10     | Noticed a wizard
 11714 | D:10     | Noticed a wizard
 11718 | D:10     | Paralysed by a wizard for 7 turns
 11735 | D:10     | Killed a wizard
 11748 | D:10     | Killed a wizard
 12377 | D:10     | Noticed a wizard
 12384 | D:10     | Cast into level 2 of the Abyss (a wizard)
 12452 | Abyss:2  | Noticed a rakshasa
 12456 | Abyss:2  | Noticed a lorocyproca
 12467 | Abyss:2  | Noticed a rakshasa
 12500 | Abyss:2  | Slain by a rakshasa

Skill      XL: |  1  2  3  4  5  6  7  8  9 10 11 |
---------------+----------------------------------+-----
Dodging        | 3 4 5 7 8 |  8.3
Polearms       | 4 5 6 8 9 10 11 | 11.5
Fighting       | 4 5 7 8 9 |  9.2
Stealth        | 1 2 3 5 6 7 |  7.8
Throwing       | 1 2 3 4 5 6 |  6.0
Evocations     | |  0.7

Action                   |  1- 3 |  4- 6 |  7- 9 | 10-12 || total
-------------------------+-------+-------+-------+-------++-------
Melee: Spear             |    82 |   175 |   460 |   522 ||  1239
       Tailslap          |     8 |    16 |    70 |    54 ||   148
Throw: Stone             |       |    66 |    98 |    46 ||   210
Invok: Berserk           |       |     2 |     2 |     2 ||     6
       Brothers in Arms  |       |       |     1 |       ||     1
 Abil: Breathe Fire      |       |       |     2 |     1 ||     3
Evoke: Wand              |       |       |       |     4 ||     4
  Use: Potion            |     3 |     1 |       |     1 ||     5
       Scroll            |       |    11 |    17 |     4 ||    32
 Stab: Sleeping          |     3 |     1 |    16 |    17 ||    37
  Eat: Ration            |     1 |       |     3 |     1 ||     5
       Chunk             |       |     5 |     6 |    15 ||    26
Armor: Skin              |    19 |    22 |    85 |   123 ||   249
Dodge: Dodged            |    30 |    70 |   148 |   222 ||   470
       Deflected         |       |       |     6 |     3 ||     9
Block: Buckler           |       |       |       |    14 ||    14
